AoeStats
← hardrock

Arabia

507584886Analyzed
4v4 RM · 12d ago on Sep 18, 2026· 52m 3s· 8 players
Game mode
Random Map
Map size
Large (8 player)
Population
200
Speed
Normal
Resources
Standard
Victory
Conquest
Starting age
Dark Age
Ending age
Imperial Age
RankedLock teamsTeams togetherTeam positionsShared explorationLock speedFull tech treeHidden civsTurbo modeCheats
Victory
Defeat
🇺🇸 Maya · United States
752
+21
🇺🇸 Turks · United States
705
+22
🇺🇸 Bohemians · United States
700
+22
🇺🇸 Britons · United States
670
+23
🇬🇧 Dravidians · United Kingdom
912
-24
🇬🇧 Malians · United Kingdom
887
-24
🇳🇴 Byzantines · Norway
798
-20
🇹🇷 Romans · Türkiye
796
-20
riskmanager19
5:10 Loom
10:45 Feudal Age
12:14 Double-Bit Axe
12:12 Horse Collar
21:33 Castle Age
26:43 Pikeman
27:23 Squires
27:32 Fletching
27:42 Padded Archer Armor
27:06 Elite Skirmisher
28:10 Forging
28:11 Stone Mining
29:52 Fortified Wall
30:45 Bow Saw
32:03 Wheelbarrow
34:02 Heavy Plow
34:40 Stone Shaft Mining
35:01 Gold Mining
35:21 Thumb Ring
41:37 Imperial Age
39:31 Hand Cart
40:23 Iron Casting
39:48 Scale Mail Armor
40:42 Ballistics
40:04 Treadmill Crane
42:08 Murder Holes
43:15 Bodkin Arrow
43:36 Leather Archer Armor
43:36 Chain Mail Armor
47:52 Halberdier
48:21 Arson
hardrock
10:01 Feudal Age
10:31 Loom
11:08 Horse Collar
11:15 Double-Bit Axe
21:03 Castle Age
19:05 Stone Mining
19:55 Man-at-Arms
26:35 Gold Mining
27:13 Scale Mail Armor
27:50 Forging
27:11 Long Swordsman
28:34 Gold Shaft Mining
28:13 Bow Saw
34:38 Imperial Age
33:52 Wheelbarrow
33:26 Heavy Plow
37:37 Heavy Scorpion
40:16 Conscription
40:18 Hand Cart
40:28 Legionary
41:47 Ballistas
44:22 Pikeman
45:02 Squires
45:08 Padded Archer Armor
45:44 Iron Casting
45:42 Halberdier
46:45 Chain Mail Armor
48:42 Comitatenses
49:30 Coinage
CrashTango
3:08 Loom
12:39 Feudal Age
14:09 Wheelbarrow
21:43 Castle Age
25:59 Treadmill Crane
26:30 Fortified Wall
26:15 Double-Bit Axe
31:07 Bloodlines
30:58 Husbandry
33:30 Horse Collar
34:31 Tigui
34:59 Hand Cart
35:09 Bow Saw
35:02 Stone Mining
35:33 Light Cavalry
38:01 Elite Skirmisher
38:47 Thumb Ring
39:11 Scale Mail Armor
39:22 Forging
41:59 Gold Mining
47:06 Heavy Plow
49:53 Imperial Age
47:11 Town Watch
48:08 Stone Shaft Mining
48:09 Gold Shaft Mining
50:32 Iron Casting
50:28 Chain Mail Armor
51:40 Plate Mail Armor
51:26 Padded Archer Armor
51:17 Fletching
MS2GUD1068
7:21 Loom
12:47 Feudal Age
18:04 Castle Age
19:06 Thumb Ring
20:13 Fletching
20:23 Padded Archer Armor
21:02 Padded Archer Armor
24:23 Husbandry
24:51 Leather Archer Armor
28:23 Ballistics
30:05 Wheelbarrow
31:48 Hand Cart
31:19 Town Watch
31:48 Double-Bit Axe
34:28 Town Patrol
37:31 Imperial Age
37:56 Gold Mining
37:56 Stone Mining
38:46 Fortified Wall
38:47 Masonry
39:05 Horse Collar
39:38 Bow Saw
39:21 Elite Elephant Archer
44:13 Medical Corps
44:20 Light Cavalry
darkwolf
10:58 Feudal Age
9:14 Loom
11:48 Double-Bit Axe
15:48 Wheelbarrow
15:58 Wheelbarrow
17:05 Fletching
22:23 Castle Age
20:35 Gold Mining
22:29 Crossbowman
23:08 Bodkin Arrow
26:02 Hand Cart
27:48 Gold Shaft Mining
27:06 Stone Mining
27:22 Scale Mail Armor
27:38 Scale Barding Armor
30:31 Chain Barding Armor
31:24 Husbandry
31:27 Gambesons
33:58 Forging
33:18 Light Cavalry
35:34 Iron Casting
35:01 Padded Archer Armor
35:02 Scale Mail Armor
35:32 Ballistics
41:50 Imperial Age
42:07 Yeomen
42:52 Arbalester
44:40 Chemistry
43:51 Fortified Wall
43:48 Siege Engineers
43:24 Treadmill Crane
44:43 Capped Ram
45:26 Town Watch
46:54 Cavalier
49:45 Elite Longbowman
52:27 Blast Furnace
51:29 Bracer
51:45 Leather Archer Armor
51:45 Chain Mail Armor
52:06 Plate Barding Armor
52:14 Conscription
.RamroD.
0:31 Loom
11:31 Feudal Age
12:05 Double-Bit Axe
17:01 Town Watch
19:36 Wheelbarrow
21:14 Horse Collar
22:11 Gold Mining
24:51 Castle Age
24:16 Stone Mining
24:19 Fletching
24:30 Padded Archer Armor
25:01 Crossbowman
25:01 Elite Skirmisher
36:06 Ballistics
35:48 Bodkin Arrow
37:37 Thumb Ring
39:37 Leather Archer Armor
39:28 Heavy Plow
43:01 Imperial Age
43:19 Murder Holes
43:39 Masonry
43:55 Hul'che Javelineers
43:30 Eagle Warrior
45:46 Arbalester
48:00 Chemistry
47:05 Bracer
47:36 Ring Archer Armor
vickshick
6:01 Loom
11:14 Feudal Age
18:48 Castle Age
17:11 Double-Bit Axe
21:52 Bow Saw
21:25 Horse Collar
24:14 Gold Mining
26:24 Heavy Plow
32:57 Imperial Age
31:30 Fletching
31:40 Padded Archer Armor
35:38 Ballistics
35:23 Bodkin Arrow
35:43 Leather Archer Armor
39:03 Two-Man Saw
44:43 Wheelbarrow
50:14 Hand Cart
49:45 Town Watch
kingfisher1108
11:17 Feudal Age
12:34 Double-Bit Axe
17:23 Horse Collar
22:42 Castle Age
36:18 Bow Saw
41:36 Imperial Age
40:26 Pikeman
47:45 Ballistics
48:29 Chemistry
48:37 Elite Skirmisher
49:55 Wheelbarrow
49:16 Fletching
49:26 Padded Archer Armor
52:49 Hand Cart
Connection lost

Rejoining the realm…

Still unreachable

The connection could not be restored.

Session expired

The server has moved on; the page needs a fresh start.